cohdb
Replays
Latest Replays
All Replays
Popular Replays
Top Player Replays
Match Explorer
How It Works
Community
CoH3 Stats
Reddit
Sign in to upload your games and track your stats! →
Sign in with Steam
Match 47262508
Unlisted
Match 47262508
Overview
Messages
Build Orders
End
Selects Italian Combined Arms Battlegroup
Selects Bersaglieri Squad
Bersaglieri Squad
250 Light Carrier
Bersaglieri Squad
Construct Light Support Kompanie
Selects Bersaglieri Bolster
Bersaglieri Squad
Combat Half-tracks
Panzerjäger Mechanized Group
Selects Breda Model 30 Light Machine Guns
2.5-tonne Medical Truck
Panzerjäger Squad
MG34 Team
2.5-tonne Medical Truck
Construct Mechanized Kompanie
Selects Semovente da 75/18 Assault Gun
Selects Strafing Run
Semovente da 75/18 Assault Gun
Strafing Run
Jason_Beebe
Jamoro
General Rommel
Dolan Tittenberg
Bartolomaeus Bart
[PD] reloadKing
Lutze
Nico-Nico-Nii~~
0
0
Comments
sign in to comment!
No comments posted yet!